TOP OF THE 1ST |
Mobile BayBears batting - Pitching for Tulsa Drillers : RHP Mike Mik
|
Pitching: RHP Mike Mik
|
|
Batting: RHB Luke Stark
|
0-0: Ball 1-0: Foul Ball, location: 2F 1-1: SINGLE (Groundball, 34S, EV 68.1 MPH) (infield hit)
|
Batting: RHB D.J. Cooke
|
0-0: Fly out, F8 (Flyball, 89XD, EV 106.9 MPH) Runner from 1st tags up, SAFE at 2nd
|
Batting: LHB Yao-pang Tien
|
0-0: Ball 1-0: Ball 2-0: Called Strike 2-1: Called Strike 2-2: Ball 3-2: Fly out, F7 (Line Drive, 7LM, EV 84.4 MPH)
|
Batting: SHB Ken Welch
|
0-0: Swinging Strike 0-1: Ball 1-1: Ball 2-1: Swinging Strike 2-2: Ball 3-2: Foul Ball, location: 2F 3-2: SINGLE (Groundball, 34D, EV 96.9 MPH) Luke Stark to third Runner from 3rd tries for Home, SAFE, throw by RF to home
|
Batting: RHB Seth Tramontano
|
0-0: Ball 1-0: Ball 2-0: Foul Ball, location: 2F 2-1: Foul Ball, location: 2F 2-2: SINGLE (Line Drive, 6D, EV 109.4 MPH) Ken Welch to second
|
Batting: RHB Francisco Gutierrez
|
0-0: Ball 1-0: Foul Ball, location: 2F 1-1: Swinging Strike 1-2: Strikes out looking
|
Top of the 1st over - 1 run, 3 hits, 0 errors, 2 left on base; Mobile 1 - Tulsa 0 |
BOTTOM OF THE 1ST |
Tulsa Drillers batting - Pitching for Mobile BayBears : LHP Steve Calhoon
|
Pitching: LHP Steve Calhoon
|
|
Batting: LHB Cory Bowler
|
0-0: Ball 1-0: Reached on error, E4 (Groundball, 4, EV 90.0 MPH)
|
Batting: LHB Umar Matoub
|
0-0: SINGLE (Line Drive, 8RS, EV 99.4 MPH) Cory Bowler to third
|
Batting: RHB Jerry Blas
|
0-0: Ball 1-0: Called Strike 1-1: Fly out, F7 (Flyball, 7, EV 96.9 MPH)
|
Batting: LHB Nate Kee
|
0-0: Fly out, F8 (Flyball, 78M, EV 86.9 MPH)
|
Batting: LHB Bobby Gonzalez
|
0-0: Ball 1-0: Ground out 5-3 (Groundball, 56S, EV 88.8 MPH)
|
Bottom of the 1st over - 0 runs, 1 hit, 1 error, 2 left on base; Mobile 1 - Tulsa 0 |
TOP OF THE 2ND |
Mobile BayBears batting - Pitching for Tulsa Drillers : RHP Mike Mik
|
Batting: LHB Frank Mullen
|
0-0: Ball 1-0: Swinging Strike 1-1: Foul Ball, location: 2F 1-2: Foul Ball, location: 2F 1-2: Foul Ball, location: 2F 1-2: Ball 2-2: Ball 3-2: Fly out, F8 (Flyball, 8LD, EV 103.8 MPH)
|
Batting: RHB Paul Schreiber
|
0-0: Foul Ball, location: 2F 0-1: Called Strike 0-2: Foul Ball, location: 2F 0-2: Fly out, F9 (Flyball, 9D, EV 103.1 MPH)
|
Batting: SHB John Cummings
|
0-0: Ball 1-0: SINGLE (Groundball, 6MS, EV 95.6 MPH)
|
Batting: RHB Luke Stark
|
0-0: Ball 1-0: Ball 2-0: Called Strike 2-1: Foul Ball, location: 2F 2-2: Strikes out swinging
|
Top of the 2nd over - 0 runs, 1 hit, 0 errors, 1 left on base; Mobile 1 - Tulsa 0 |
BOTTOM OF THE 2ND |
Tulsa Drillers batting - Pitching for Mobile BayBears : LHP Steve Calhoon
|
Batting: RHB Jonathan Sotelo
|
0-0: Called Strike 0-1: Ball 1-1: Foul Ball, location: 2F 1-2: Foul Ball, location: 2F 1-2: Ball 2-2: Foul Ball, location: 2F 2-2: Foul Ball, location: 2F 2-2: Ball 3-2: Foul Ball, location: 2F 3-2: Foul Ball, location: 2F 3-2: Base on Balls
|
Batting: RHB Bob Magana
|
0-0: Ball 1-0: Called Strike 1-1: Swinging Strike 1-2: Strikes out swinging
|
Batting: LHB Randy Boone
|
0-0: Foul Ball, location: 2F 0-1: Foul Ball, location: 2F 0-2: Fielders Choice at 2nd, 6-4 (Groundball, 6, EV 76.9 MPH)
|
Batting: LHB Joe Phillips
|
0-0: Ball 1-0: Called Strike 1-1: Called Strike 1-2: Ball Randy Boone steals 2nd, throwing error, E2 Randy Boone to third 2-2: Foul Ball, location: 2F 2-2: Strikes out swinging
|
Bottom of the 2nd over - 0 runs, 0 hits, 1 error, 1 left on base; Mobile 1 - Tulsa 0 |
TOP OF THE 3RD |
Mobile BayBears batting - Pitching for Tulsa Drillers : RHP Mike Mik
|
Batting: RHB D.J. Cooke
|
0-0: Swinging Strike 0-1: Swinging Strike 0-2: Foul Ball, location: 2F 0-2: Ground out 4-3 (Groundball, 34, EV 81.2 MPH)
|
Batting: LHB Yao-pang Tien
|
0-0: Foul Ball, location: 2F 0-1: Ball 1-1: Called Strike 1-2: Foul Ball, location: 2F 1-2: Foul Ball, location: 2F 1-2: Ball 2-2: Ball 3-2: Ground out 6-3 (Groundball, 6M, EV 104.4 MPH)
|
Batting: SHB Ken Welch
|
0-0: Ball 1-0: Ball 2-0: SINGLE (Groundball, 4D, EV 102.5 MPH)
|
Batting: RHB Seth Tramontano
|
0-0: SINGLE (Flyball, 89S, EV 94.4 MPH) Ken Welch to second
|
Batting: RHB Francisco Gutierrez
|
0-0: Swinging Strike 0-1: Called Strike 0-2: Hit by Pitch Ken Welch to third Seth Tramontano to second
|
Batting: LHB Frank Mullen
|
0-0: Swinging Strike 0-1: Fielders Choice at 2nd, 6-4 (Groundball, 6, EV 90.6 MPH)
|
Top of the 3rd over - 0 runs, 2 hits, 0 errors, 3 left on base; Mobile 1 - Tulsa 0 |
BOTTOM OF THE 3RD |
Tulsa Drillers batting - Pitching for Mobile BayBears : LHP Steve Calhoon
|
Batting: LHB Cory Bowler
|
0-0: Ball 1-0: Called Strike 1-1: Ball 2-1: Foul Ball, location: 2F 2-2: Foul Ball, location: 2F 2-2: Foul Ball, location: 2F 2-2: Foul Ball, location: 2F 2-2: Strikes out swinging
|
Batting: LHB Umar Matoub
|
0-0: Called Strike 0-1: Ball 1-1: Ground out 3-1 (Groundball, 13, EV 86.9 MPH)
|
Batting: RHB Jerry Blas
|
0-0: Called Strike 0-1: Called Strike 0-2: Ball 1-2: Strikes out swinging
|
Bottom of the 3rd over - 0 runs, 0 hits, 0 errors, 0 left on base; Mobile 1 - Tulsa 0 |
TOP OF THE 4TH |
Mobile BayBears batting - Pitching for Tulsa Drillers : RHP Mike Mik
|
Batting: RHB Paul Schreiber
|
0-0: Ball 1-0: Ball 2-0: Ball 3-0: Called Strike 3-1: SINGLE (Groundball, 34, EV 101.2 MPH)
|
Batting: SHB John Cummings
|
0-0: Ball 1-0: Ball 2-0: Ball 3-0: Base on Balls Paul Schreiber to second
|
Batting: RHB Luke Stark
|
0-0: Ball 1-0: Foul Ball, location: 2F 1-1: Ball 2-1: Fielders Choice at 2nd, 4-6 (Groundball, 4, EV 78.8 MPH) Paul Schreiber to third
|
Batting: RHB D.J. Cooke
|
0-0: Swinging Strike 0-1: Ball 1-1: Called Strike Luke Stark steals 2nd, throwing error, E2 Paul Schreiber scores Luke Stark to third 1-2: Ball 2-2: Foul Ball, location: 2F 2-2: Ball 3-2: Foul Ball, location: 2F 3-2: Ground out U3 (Groundball, 23, EV 83.1 MPH)
|
Batting: LHB Yao-pang Tien
|
0-0: Called Strike 0-1: Ball 1-1: Ball 2-1: Reached via error on a dropped throw from 1B, E1 (Groundball, 34S, EV 84.4 MPH) Luke Stark scores
|
Batting: SHB Ken Welch
|
0-0: Ball 1-0: Called Strike 1-1: Ball 2-1: SINGLE (Groundball, 56S, EV 66.2 MPH) (infield hit) Yao-pang Tien to second
|
Batting: RHB Seth Tramontano
|
0-0: Foul Ball, location: 2F 0-1: Fielders Choice at 2nd, 6-4 (Groundball, 6, EV 100.6 MPH)
|
Top of the 4th over - 2 runs, 2 hits, 2 errors, 2 left on base; Mobile 3 - Tulsa 0 |
BOTTOM OF THE 4TH |
Tulsa Drillers batting - Pitching for Mobile BayBears : LHP Steve Calhoon
|
Batting: LHB Nate Kee
|
0-0: Ground out 4-3 (Groundball, 4, EV 87.5 MPH)
|
Batting: LHB Bobby Gonzalez
|
0-0: Ball 1-0: Fly out, F9 (Line Drive, 9D, EV 95.6 MPH)
|
Batting: RHB Jonathan Sotelo
|
0-0: Swinging Strike 0-1: Ball 1-1: Swinging Strike 1-2: Strikes out swinging
|
Bottom of the 4th over - 0 runs, 0 hits, 0 errors, 0 left on base; Mobile 3 - Tulsa 0 |
TOP OF THE 5TH |
Mobile BayBears batting - Pitching for Tulsa Drillers : RHP Mike Mik
|
Pitching: RHP Zach Snodgrass
|
|
Batting: RHB Francisco Gutierrez
|
0-0: Fly out, F7 (Flyball, 78D, EV 103.8 MPH)
|
Batting: LHB Frank Mullen
|
0-0: Ball 1-0: Foul Ball, location: 2F 1-1: Foul Ball, location: 2F 1-2: Foul Ball, location: 2F 1-2: Foul Ball, location: 2F 1-2: Ball 2-2: Foul Ball, location: 2F 2-2: Ball 3-2: Base on Balls
|
Batting: RHB Paul Schreiber
|
0-0: Called Strike 0-1: Grounds into double play, 1-6-3 (Groundball, 13S, EV 71.9 MPH)
|
Top of the 5th over - 0 runs, 0 hits, 0 errors, 0 left on base; Mobile 3 - Tulsa 0 |
BOTTOM OF THE 5TH |
Tulsa Drillers batting - Pitching for Mobile BayBears : LHP Steve Calhoon
|
Batting: RHB Bob Magana
|
0-0: Ball 1-0: Ball 2-0: Ball 3-0: Base on Balls
|
Batting: LHB Randy Boone
|
0-0: Foul Ball, location: 2F 0-1: Swinging Strike 0-2: Foul Ball, location: 2F 0-2: Ball 1-2: Strikes out swinging
|
Batting: LHB Joe Phillips
|
0-0: Called Strike 0-1: Foul Ball, location: 2F 0-2: Ball 1-2: Ball 2-2: Strikes out looking
|
Batting: LHB Cory Bowler
|
0-0: Called Strike 0-1: Ground out 4-3 (Groundball, 4M, EV 94.4 MPH)
|
Bottom of the 5th over - 0 runs, 0 hits, 0 errors, 1 left on base; Mobile 3 - Tulsa 0 |
TOP OF THE 6TH |
Mobile BayBears batting - Pitching for Tulsa Drillers : RHP Zach Snodgrass
|
Batting: SHB John Cummings
|
0-0: Ball 1-0: Foul Ball, location: 2F 1-1: Foul Ball, location: 2F 1-2: Foul Ball, location: 2F 1-2: Ball 2-2: Strikes out swinging
|
Batting: RHB Luke Stark
|
0-0: Called Strike 0-1: Called Strike 0-2: Foul Ball, location: 2F 0-2: Ball 1-2: Ground out 6-3 (Groundball, 6, EV 91.9 MPH)
|
Batting: RHB D.J. Cooke
|
0-0: Ground out 4-3 (Groundball, 4MS, EV 91.9 MPH)
|
Top of the 6th over - 0 runs, 0 hits, 0 errors, 0 left on base; Mobile 3 - Tulsa 0 |
BOTTOM OF THE 6TH |
Tulsa Drillers batting - Pitching for Mobile BayBears : LHP Steve Calhoon
|
Batting: LHB Umar Matoub
|
0-0: Ball 1-0: Called Strike 1-1: Ground out 5-3 (Groundball, 56, EV 81.9 MPH)
|
Batting: RHB Jerry Blas
|
0-0: Swinging Strike 0-1: Ball 1-1: Ball 2-1: Foul Ball, location: 2F 2-2: Foul Ball, location: 2F 2-2: Ball 3-2: Ground out 4-3 (Groundball, 4S, EV 69.4 MPH)
|
Batting: LHB Nate Kee
|
0-0: Ball 1-0: Ball 2-0: Ball 3-0: Called Strike 3-1: Called Strike 3-2: Strikes out swinging
|
Bottom of the 6th over - 0 runs, 0 hits, 0 errors, 0 left on base; Mobile 3 - Tulsa 0 |
TOP OF THE 7TH |
Mobile BayBears batting - Pitching for Tulsa Drillers : RHP Zach Snodgrass
|
Batting: LHB Yao-pang Tien
|
0-0: Ball 1-0: Swinging Strike 1-1: Ball 2-1: Foul Ball, location: 2F 2-2: Fly out, F9 (Flyball, 9, EV 80.0 MPH)
|
Batting: SHB Ken Welch
|
0-0: Ball 1-0: Swinging Strike 1-1: Called Strike 1-2: Ball 2-2: Foul Ball, location: 2F 2-2: Foul Ball, location: 2F 2-2: Strikes out swinging
|
Batting: RHB Seth Tramontano
|
0-0: Swinging Strike 0-1: Called Strike 0-2: Ball 1-2: SOLO HOME RUN (Flyball, 8RXD, EV 105.0 MPH), Distance : 439 ft
|
Batting: RHB Francisco Gutierrez
|
0-0: SINGLE (Groundball, 6D, EV 106.9 MPH)
|
Batting: LHB Frank Mullen
|
0-0: Ball 1-0: Swinging Strike 1-1: Foul Ball, location: 2F 1-2: Ball 2-2: Ball 3-2: Foul Ball, location: 2F 3-2: Fly out, F9 (Flyball, 9LSF, EV 95.0 MPH)
|
Top of the 7th over - 1 run, 2 hits, 0 errors, 1 left on base; Mobile 4 - Tulsa 0 |
BOTTOM OF THE 7TH |
Tulsa Drillers batting - Pitching for Mobile BayBears : LHP Steve Calhoon
|
Batting: LHB Bobby Gonzalez
|
0-0: Called Strike 0-1: Foul Ball, location: 2F 0-2: Foul Ball, location: 2F 0-2: Strikes out looking
|
Batting: RHB Jonathan Sotelo
|
0-0: Called Strike 0-1: Ball 1-1: Ground out 5-3 (Groundball, 56S, EV 90.0 MPH)
|
Batting: RHB Bob Magana
|
0-0: Ground out 5-3 (Groundball, 56S, EV 68.1 MPH)
|
Bottom of the 7th over - 0 runs, 0 hits, 0 errors, 0 left on base; Mobile 4 - Tulsa 0 |
TOP OF THE 8TH |
Mobile BayBears batting - Pitching for Tulsa Drillers : RHP Zach Snodgrass
|
Pitching: RHP Andy Rodriguez
|
|
Batting: RHB Paul Schreiber
|
0-0: Called Strike 0-1: Called Strike 0-2: Ball 1-2: Foul Ball, location: 2F 1-2: Ground out 6-3 (Groundball, 6, EV 90.6 MPH)
|
Batting: SHB John Cummings
|
0-0: Ball 1-0: Called Strike 1-1: Ball 2-1: Swinging Strike 2-2: Strikes out swinging
|
Batting: RHB Luke Stark
|
0-0: Ball 1-0: Called Strike 1-1: Foul Ball, location: 2F 1-2: Foul Ball, location: 2F 1-2: Ball 2-2: Foul Ball, location: 2F 2-2: Ball 3-2: DOUBLE (Line Drive, 89XD, EV 100.0 MPH)
|
Batting: RHB D.J. Cooke
|
0-0: Ball 1-0: Foul Ball, location: 2F 1-1: Swinging Strike 1-2: Foul Ball, location: 2F 1-2: Strikes out swinging
|
Top of the 8th over - 0 runs, 1 hit, 0 errors, 1 left on base; Mobile 4 - Tulsa 0 |
BOTTOM OF THE 8TH |
Tulsa Drillers batting - Pitching for Mobile BayBears : LHP Steve Calhoon
|
Pitching: RHP Dan Thompson
|
|
Batting: LHB Randy Boone
|
0-0: Ball 1-0: Swinging Strike 1-1: Hit by Pitch
|
Batting: LHB Joe Phillips
|
0-0: Fly out, F8 (Flyball, 8LD, EV 100.6 MPH)
|
Batting: LHB Cory Bowler
|
0-0: Called Strike 0-1: Ball 1-1: Called Strike 1-2: Strikes out swinging
|
Batting: LHB Umar Matoub
|
0-0: Ball 1-0: Ground out U3 (Groundball, 3S, EV 72.5 MPH)
|
Bottom of the 8th over - 0 runs, 0 hits, 0 errors, 1 left on base; Mobile 4 - Tulsa 0 |
TOP OF THE 9TH |
Mobile BayBears batting - Pitching for Tulsa Drillers : RHP Andy Rodriguez
|
Batting: LHB Yao-pang Tien
|
0-0: Ball 1-0: Swinging Strike 1-1: Ball 2-1: Ball 3-1: Foul Ball, location: 2F 3-2: Foul Ball, location: 2F 3-2: Strikes out swinging
|
Batting: SHB Ken Welch
|
0-0: Ball 1-0: Foul Ball, location: 2F 1-1: Ball 2-1: Swinging Strike 2-2: Foul Ball, location: 2F 2-2: Ball 3-2: Foul Ball, location: 2F 3-2: Base on Balls
|
Pitching: RHP Shane Walker
|
|
Batting: RHB Seth Tramontano
|
0-0: Ball 1-0: Ball 2-0: Called Strike 2-1: Reached on error, E8 (Flyball, 8LD, EV 78.8 MPH) Ken Welch to third
|
Batting: RHB Francisco Gutierrez
|
0-0: Ball 1-0: Foul Ball, location: 2F 1-1: Ball 2-1: Foul Ball, location: 2F 2-2: Fly out, F7 (Flyball, 78M, EV 91.2 MPH)
|
Batting: LHB Frank Mullen
|
0-0: Called Strike 0-1: Called Strike 0-2: Ball 1-2: Ball 2-2: Ball 3-2: Base on Balls
|
Batting: RHB Paul Schreiber
|
0-0: Foul Ball, location: 2F 0-1: Foul Ball, location: 2F 0-2: Ball 1-2: Ground out 4-3 (Groundball, 4, EV 82.5 MPH)
|
Top of the 9th over - 0 runs, 0 hits, 1 error, 3 left on base; Mobile 4 - Tulsa 0 |
BOTTOM OF THE 9TH |
Tulsa Drillers batting - Pitching for Mobile BayBears : RHP Dan Thompson
|
Batting: RHB Jerry Blas
|
0-0: Ball 1-0: SINGLE (Flyball, 56D, EV 93.1 MPH)
|
Batting: LHB Nate Kee
|
0-0: Called Strike 0-1: Foul Ball, location: 2F 0-2: Foul Ball, location: 2F 0-2: Ball 1-2: Ball 2-2: Strikes out swinging
|
Batting: LHB Bobby Gonzalez
|
0-0: Foul Ball, location: 2F 0-1: Ball 1-1: Ball 2-1: Foul Ball, location: 2F 2-2: Strikes out swinging
|
Batting: RHB Jonathan Sotelo
|
0-0: Ball 1-0: Ball 2-0: Called Strike 2-1: Called Strike 2-2: Foul Ball, location: 2F 2-2: Ball 3-2: Ground out 4-3 (Groundball, 4, EV 83.1 MPH)
|
Bottom of the 9th over - 0 runs, 1 hit, 0 errors, 1 left on base; Mobile 4 - Tulsa 0 |
|